 Dungeon Crawl Stone Soup version 0.31-a0-177-g4aa6249778 (webtiles) character file.

Game seed: 4080059631753445976

151442 qw the Severer (level 17, -2/113 HPs)
             Began as a Gargoyle Fighter on June 18, 2023.
             Was an Elder of Okawaru.
             Slain by an eight-headed hydra (9 damage)
             ... called by a spriggan druid
             ... on level 3 of the Swamp.
             The game lasted 00:16:44 (28074 turns).

qw the Severer (Gargoyle Fighter)                  Turns: 28074, Time: 00:16:44

Health: -2/113     AC: 52    Str: 38    XL:     17   Next: 56%
Magic:  33/33      EV: 10    Int:  5    God:    Okawaru [****..]
Gold:   394        SH: 12    Dex:  9    Spells: 16/16 levels left

rFire   . . .        Y - +5 war axe (flame)
rCold   + + .        p - -2 kite shield of Tender Moments {rC+ rCorr Int-5}
rNeg    + . .        H - +0 crystal plate armour
rPois   inf          G - +1 helmet of Failure {Contam rC+ Str+5}
rElec   +            v - +2 cloak {Stlth+}
rCorr   +            B - +1 pair of gloves
SInv    .            l - +2 pair of boots
Will    +....        z - amulet "Qeopicagg" {Faith +Blink Regen+ MP+9 Slay-3} Stlth
                     k - +6 ring of strength
HPRegen 1.18/turn    o - +4 ring of slaying {mikee}
MPRegen 0.23/turn

%: faith
@: about to teleport, heroic, flying
A: sickness immunity, AC +12, big wings, negative energy resistance 1,
electricity resistance, torment resistance 1, petrification resistance
a: Renounce Religion, Evoke Blink, Heroism, Finesse


You were on level 3 of the Swamp.
You worshipped Okawaru.
Okawaru was greatly pleased with you.
You visited 6 branches of the dungeon, and saw 29 of its levels.
You also visited: Sewer.

You collected 3038 gold pieces.
You spent 2644 gold pieces at shops.


Innate Abilities, Weirdness & Mutations

You are immune to sickness and miasma.
Your stone body is resilient. (AC +12)
You are immune to poison.
Your large and strong wings let you fly.
You resist negative energy. (rN+)
You are resistant to electric shocks. (rElec)
You are resistant to unholy torment.
You are immune to petrification.


   Skills:
 - Level 15.0(20.0) Fighting
 - Level 16.0(21.0) Axes
 - Level 8.0(13.0) Throwing
 + Level 14.7(19.7) Armour
 - Level 5.0(10.0) Dodging
 - Level 14.3(19.3) Shields
 - Level 10.2 Invocations


You had 16 spell levels left.
You didn't know any spells.
Your spell library was empty.

Inventory:

Hand Weapons
 Y - a +5 war axe of flaming (weapon)
Missiles
 a - 3 silver boomerangs
 r - 6 boomerangs
 w - 9 silver javelins (quivered)
 x - 2 boomerangs of dispersal
 A - 5 javelins
Armour
 b - the +7 scale mail of Negligence {rF+ Dex+3 Stlth-}
   (You acquired it on level 7 of the Dungeon)

   Dex:       It affects your dexterity (+3).
   rF:        It protects you from fire.
   Stlth:     It makes you less stealthy.
 c - a +0 kite shield
 l - a +2 pair of boots (worn)
 p - the -2 kite shield of Tender Moments (worn) {rC+ rCorr Int-5}
   (You found it on level 5 of the Dungeon)

   Int:       It affects your intelligence (-5).
   rC:        It protects you from cold.
   rCorr:     It protects you from acid and corrosion.
 s - +0 acid dragon scales
 v - a +2 cloak of stealth (worn)
 y - +0 ice dragon scales
 B - a +1 pair of gloves (worn)
 G - the +1 helmet of Failure (worn) {Contam rC+ Str+5}
   (You found it on level 1 of the Snake Pit)

   Str:       It affects your strength (+5).
   rC:        It protects you from cold.
   Contam:    It causes magical contamination when unequipped.
 H - a +0 crystal plate armour (worn)
Jewellery
 k - a +6 ring of strength (left hand)
 o - a +4 ring of slaying (right hand) {mikee}
 z - the amulet "Qeopicagg" (around neck) {Faith +Blink Regen+ MP+9 Slay-3}
   (You bought it in a shop on level 2 of the Orcish Mines)

   [amulet of faith]

   It allows you to gain divine favour quickly.
   Slay:      It affects your accuracy & damage with ranged weapons and melee
   (-3).
   MP:        It affects your magic capacity (+9).
   +Blink:    It lets you blink.
   Regen:     It increases your rate of health regeneration.
 D - the amulet of the Delicate Mango {RegenMP Regen+ Int-5 Dex+2}
   (You bought it in a shop on level 2 of the Orcish Mines)

   [amulet of magic regeneration]

   It increases your rate of magic regeneration.
   Int:       It affects your intelligence (-5).
   Dex:       It affects your dexterity (+2).
   Regen:     It increases your rate of health regeneration.
 E - the ring of Wunymimo {rPois rC++ rN+ Will- Stlth+}
   (You bought it in a shop on level 2 of the Orcish Mines)

   [ring of poison resistance]

   rC:        It greatly protects you from cold.
   rPois:     It protects you from poison.
   rN:        It protects you from negative energy.
   Will:      It decreases your willpower.
   Stlth:     It makes you more stealthy.
 F - a ring of protection from fire
Scrolls
 f - 22 scrolls of identify
 t - 4 scrolls of teleportation
Potions
 d - 3 potions of might
 e - 5 potions of attraction
 g - 12 potions of curing
 h - 2 potions of mutation
 i - 3 potions of haste
 j - a potion of cancellation
 m - a potion of lignification
 q - 4 potions of magic
 u - 4 potions of enlightenment

Dungeon Overview and Level Annotations

Branches:
Dungeon (15/15)            Temple (1/1) D:5            Lair (5/5) D:8
  Swamp (3/4) Lair:2        Snake (3/4) Lair:3        Slime (0/5) Lair:4
    Orc (2/2) D:11            Elf (0/3) Orc:2        Vaults (0/5) D:13
 Depths (0/4) D:15          Sewer (visited)

Altars:
Ashenzari
Cheibriados
Dithmenos
Elyvilon
Fedhas
Gozag
Hepliaklqana
Kikubaaqudgha
Makhleb
Nemelex Xobeh
Okawaru
Qazlal
Ru
Sif Muna
Trog
Uskayaw
Vehumet
Wu Jian
Xom
Yredelemnul
Zin
The Shining One
Jiyva

Shops:
D:9 (   D:13 (   D:15 (   Orc:2 :!=[

Portals:
Abyss: Lair:3

Annotations:
D:6 1 runed translucent door, qw's ghost, amateur NaHu
D:7 3 runed translucent doors, qw's ghost, novice GrHu
Lair:2 exclusion: 2 iguanas
Lair:3 2 transporters, qw's ghost, journeyman GrHu
Swamp:2 2 runed translucent doors, reggie's ghost, journeyman DrHW
Swamp:3 Donald
Orc:1 1 runed translucent door, Voleoc's ghost, journeyman GrFi


Message History

You slice the tyrant leech!! You burn the tyrant leech.
The tyrant leech is heavily wounded.
You barely miss the foxfire.
The foxfire hits you but does no damage. x2
You closely miss the tyrant leech.
The tyrant leech is heavily wounded.
Your surroundings suddenly seem different.
The spriggan rider shouts!
The alligator puts on a burst of speed!
Found a stone staircase leading down.
The alligator puts on a burst of speed!
You completely miss the alligator. You block the alligator's attack. x2
You slash the alligator! You burn the alligator.
The alligator is moderately wounded.
The alligator bites you but does no damage.
The alligator barely misses you.
The spriggan rider hits you but does no damage.
The eight-headed hydra bites you but does no damage.
The eight-headed hydra bites you.
The eight-headed hydra bites you but does no damage. x2
You block the eight-headed hydra's attack.
The eight-headed hydra bites you but does no damage.
You block the eight-headed hydra's attack.
The eight-headed hydra bites you!
28074 ||| READING 5 scrolls of teleportation.
As you read the scroll of teleportation, it crumbles to dust.
You feel strangely unstable.
The swamp worm no longer looks unusually strong.
The alligator bites you!
The alligator tail-slaps you but does no damage.
You block the spriggan rider's attack.
You block the eight-headed hydra's attack.
The eight-headed hydra bites you!
The eight-headed hydra bites you but does no damage.
You block the eight-headed hydra's attack.
The eight-headed hydra barely misses you.
The eight-headed hydra bites you but does no damage.
The eight-headed hydra bites you!
You die...

.77 ..~77 .~¤~.7
.~~~..7 ~.~~...77
77~~¤~..¤.77
7~(~¤~¤¤~.~77
7.~¤~~~¤7@~<77
7./..~~~Dti~.7
7.7~...w~ti..~.7
77(.~~..~.~.77~~..
7.)%~$~~~~7~~~7¤~.¤
7.().~.~..~...~~¤.~
7<)%.....~~.7.i ~~~
7%~w/..¤~~~~7.>
7.7~~~.>.77~....


You could see 2 alligators, an eight-headed hydra (strong), a tyrant leech, a
spriggan rider, a spriggan druid and a swamp worm.

Vanquished Creatures
  Vashnia (Snake:3)
  Jorgrun (Snake:3)
  Mlioglotl (Snake:3)
  Gastronok (Lair:3)
  Roxanne (D:15)
  A nagaraja (Snake:2)
  Aizul (Snake:3)
  3 eleionomae
  3 bunyips
  A fire dragon (D:15)
  8 hydras
  3 ogre magi (Orc:2)
  Erolcha (Orc:2)
  2 ice dragons (D:15)
  A vault guard (D:13)
  12 centaur warriors
  3 anacondas
  6 naga warriors
  5 boulder beetles
  A two-headed ogre (D:11)
  7 death yaks
  2 death knights
  5 alligators
  3 tengu warriors
  Urug (D:10)
  A shock serpent (Snake:2)
  Nergalle (Orc:2)
  7 naga sharpshooters
  2 skysharks
  Sonja (D:10)
  A salamander mystic (Snake:3)
  A skeletal warrior (D:14)
  4 goliath frogs
  4 spriggan druids
  Lodul (D:14)
  A naga ritualist (Snake:2)
  4 bog bodies
  3 swamp dragons
  4 mana vipers
  A lindwurm (Lair:5)
  7 cyclopes
  4 deep elf pyromancers
  7 ugly things
  6 orc sorcerers (Orc:2)
  4 salamanders
  21 elephants
  2 will-o-the-wisps (Swamp:2)
  Maurice (D:12)
  A guardian serpent (D:14)
  19 black mambas
  2 torpor snails
  2 gargoyles (D:12)
  5 naga magi
  10 cane toads
  9 rime drakes
  4 efreet
  2 kobold demonologists (D:13)
  A yaktaur (D:13)
  7 komodo dragons
  A freezing wraith (D:14)
  Maggie (D:8)
  A tengu conjurer (D:13)
  6 trolls
  8 polar bears
  8 hornets
  Prince Ribbit (D:5)
  2 tyrant leeches (Swamp:1)
  29 blink frogs
  A dream sheep (shapeshifter) (D:15)
  Sigmund (D:3)
  3 centaur simulacra
  8 dream sheep
  18 spriggans
  2 vampires
  8 slime creatures
  5 water elementals (D:13)
  4 wyverns
  A shadow (D:12)
  6 basilisks
  2 wraiths
  42 yaks
  A steam dragon (D:8)
  5 swamp worms
  16 vampire mosquitoes
  19 nagas
  5 acid dragons
  4 swamp drakes (Swamp:1)
  14 water moccasins
  A sky beast (D:7)
  An ice beast (D:6)
  7 orc warriors
  7 black bears
  12 ogres
  34 wolves
  5 boggarts (Lair:5)
  20 centaurs
  6 kobold brigands
  12 bullfrogs
  Blork the orc (D:5)
  5 scorpions
  3 gnoll sergeants
  6 necrophages (Lair:3)
  15 wights
  8 killer bees
  8 electric eels
  2 howler monkeys
  4 crimson imps
  2 jellies
  8 hounds
  2 orc priests (Orc:1)
  2 gnoll boudas
  Jessica (D:3)
  37 orc wizards
  Terence (D:3)
  3 iguanas
  A sleepcap (D:8)
  8 hell rats
  18 gnolls
  8 adders
  13 river rats
  A shadow imp (D:6)
  2 white imps
  An ufetubus (D:4)
  5 worms
  52 orcs
  12 endoplasms
  9 giant cockroaches
  8 goblins
  A jackal (D:4)
  9 quokkas
  10 ball pythons
  5 bats
  6 frilled lizards
  28 kobolds
  11 rats
  A spectral weapon (Swamp:2)
868 creatures vanquished.

Vanquished Creatures (others)
  A shadow imp (D:8)
  An orc (D:8)
  A frilled lizard (Lair:2)
  A kobold (Sewer)
  16 foxfires
20 creatures vanquished.

Grand Total: 888 creatures vanquished

Notes
Turn   | Place    | Note
-------+----------+-------------------------------------------
     0 | D:1      | qw the Gargoyle Fighter began the quest for the Orb.
     0 | D:1      | Reached XP level 1. HP: 14/14 MP: 1/1
     0 | D:1      | 0 ||| qw: Version: 0.3-a-5-g6f28e65
     0 | D:1      | 0 ||| qw: Game counter: 691
     0 | D:1      | 0 ||| qw: Always use a shield: true
     0 | D:1      | 0 ||| qw: God list: Okawaru
     0 | D:1      | 0 ||| qw: Allow faded altars: false
     0 | D:1      | 0 ||| qw: Do Orc after D:15 true
     0 | D:1      | 0 ||| qw: Do second Lair branch before Depths: true
     0 | D:1      | 0 ||| qw: Lair rune preference: random
     0 | D:1      | 0 ||| qw: Plans: Normal, Zot:1-4, Slime:5, God:TSO, Crypt,
                  | Tomb, Abyss, Pan, Hells, Win
     0 | D:1      | 0 ||| PLANNING D:1-11
    74 | D:1      | Reached skill level 2 in Axes
   206 | D:1      | Reached XP level 2. HP: 19/19 MP: 2/2
   295 | D:1      | 295 ||| Stepping ~*~*~tactically~*~*~ (stealth).
   509 | D:1      | 509 ||| READING scroll labelled BYTIAR QIAG.
   510 | D:1      | 510 ||| READING scroll labelled GINNYF INKU.
   521 | D:1      | 521 ||| READING scroll labelled DYOFUN WOOSEC.
   522 | D:1      | 522 ||| READING scroll labelled PEZXIRCHIWEKH.
   563 | D:2      | 563 ||| Stepping ~*~*~tactically~*~*~ (stealth).
   581 | D:2      | Reached skill level 3 in Axes
   583 | D:2      | 583 ||| DROPPING +0 club.
   615 | D:2      | Reached XP level 3. HP: 19/23 MP: 3/3
   725 | D:2      | Reached XP level 4. HP: 26/28 MP: 4/4
   770 | D:2      | 770 ||| Stepping ~*~*~tactically~*~*~ (stealth).
   771 | D:2      | 771 ||| Stepping ~*~*~tactically~*~*~ (stealth).
   983 | D:2      | Reached skill level 4 in Axes
  1000 | D:2      | 1000 ||| DROPPING +0 whip.
  1433 | D:2      | 1433 ||| UPGRADING to +2 pair of boots.
  1438 | D:2      | 1438 ||| UPGRADING to +6 ring of strength.
  1439 | D:2      | 1439 ||| UPGRADING to +4 ring of slaying {mikee}.
  1440 | D:2      | 1440 ||| READING scroll labelled VUP AK ABLUWOSKI.
  1441 | D:2      | 1441 ||| READING 2 scrolls labelled MAGEMIAMMI.
  1559 | D:3      | 1559 ||| Stepping ~*~*~tactically~*~*~ (hiding).
  1574 | D:3      | HP: 7/28 [gnoll/+0 spear (3)]
  1575 | D:3      | 1575 ||| READING scroll of teleportation.
  1578 | D:3      | Reached XP level 5. HP: 8/32 MP: 5/5
  1714 | D:3      | 1714 ||| DROPPING +0 mace.
  1731 | D:3      | Noticed Terence
  1740 | D:3      | Killed Terence
  1782 | D:3      | 1782 ||| DROPPING +0 flail.
  1808 | D:3      | Found a faded altar of an unknown god.
  1836 | D:3      | Noticed Sigmund
  1836 | D:3      | Noticed Jessica
  1844 | D:3      | Killed Sigmund
  1845 | D:3      | Reached skill level 6 in Axes
  1845 | D:3      | Reached XP level 6. HP: 23/37 MP: 6/6
  1845 | D:3      | Killed Jessica
  2104 | D:3      | 2104 ||| READING scroll labelled IVVAWEN BOUDIRGH.
  2105 | D:3      | 2105 ||| DRINKING 3 pink potions.
  2106 | D:3      | 2106 ||| READING 2 scrolls of identify.
  2106 | D:3      | 2106 ||| IDENTIFYING murky dark potion
  2107 | D:3      | 2107 ||| DROPPING potion of ambrosia.
  2136 | D:4      | 2136 ||| Stepping ~*~*~tactically~*~*~ (stealth).
  2178 | D:4      | 2178 ||| DRINKING 2 potions of curing.
  2178 | D:4      | 2178 ||| (to cure confusion)
  2180 | D:4      | 2180 ||| Stepping ~*~*~tactically~*~*~ (hiding).
  2186 | D:4      | Reached skill level 1 in Dodging
  2355 | D:4      | Reached skill level 1 in Throwing
  2355 | D:4      | Reached XP level 7. HP: 41/41 MP: 7/7
  2402 | D:4      | 2402 ||| Stepping ~*~*~tactically~*~*~ (stealth).
  2659 | D:4      | 2659 ||| Stepping ~*~*~tactically~*~*~ (hiding).
  2661 | D:4      | 2661 ||| Stepping ~*~*~tactically~*~*~ (hiding).
  3180 | D:4      | HP: 9/43 [ogre/+0 giant club (21)]
  3181 | D:4      | 3181 ||| READING 2 scrolls of teleportation.
  3182 | D:4      | HP: 3/43 [kobold/+0 dagger (2)]
  3482 | D:4      | 3482 ||| UPGRADING to amulet of reflection.
  3487 | D:4      | 3487 ||| READING scroll labelled UHEHOG XITUSU.
  3488 | D:4      | 3488 ||| DRINKING 2 murky brown potions.
  3489 | D:4      | 3489 ||| READING 2 scrolls of identify.
  3489 | D:4      | 3489 ||| IDENTIFYING cyan potion
  3549 | D:5      | Entered Level 5 of the Dungeon
  3550 | D:5      | 3550 ||| PLANNING SEWER
  3557 | D:5      | Reached skill level 7 in Axes
  3566 | D:5      | 3566 ||| FLEEEEING.
  3571 | D:5      | 3571 ||| Stepping ~*~*~tactically~*~*~ (stealth).
  3604 | D:5      | Reached XP level 8. HP: 42/48 MP: 8/8
  3670 | D:5      | 3670 ||| DROPPING +0 flail of protection.
  3818 | D:5      | Found a glowing drain.
  3827 | D:5      | 3827 ||| READING scroll labelled PAEXIDOGOM.
  3828 | D:5      | 3828 ||| DRINKING 2 sapphire potions.
  3838 | Sewer    | Entered a sewer
  3877 | Sewer    | 3877 ||| Stepping ~*~*~tactically~*~*~ (water).
  3933 | Sewer    | 3933 ||| Stepping ~*~*~tactically~*~*~ (water).
  4133 | Sewer    | 4133 ||| Stepping ~*~*~tactically~*~*~ (water).
  4204 | Sewer    | Reached skill level 8 in Axes
  4281 | Sewer    | 4281 ||| Stepping ~*~*~tactically~*~*~ (hiding).
  4305 | Sewer    | 4305 ||| Stepping ~*~*~tactically~*~*~ (water).
  4409 | Sewer    | Reached skill level 6 in Fighting
  4426 | Sewer    | 4426 ||| READING scroll labelled DYCEKHEUHI.
  4448 | D:5      | 4448 ||| PLANNING D:1-11
  4494 | D:5      | Noticed Blork the orc
  4503 | D:5      | Killed Blork the orc
  4630 | D:5      | Found a staircase to the Ecumenical Temple.
  4631 | D:5      | 4631 ||| PLANNING TEMPLE
  4631 | D:5      | 4631 ||| DROPPING ring of wizardry.
  4632 | D:5      | 4632 ||| DRINKING 2 smoky coppery potions.
  4639 | Temple   | Entered the Ecumenical Temple
  4715 | Temple   | 4715 ||| PLANNING OKAWARU WORSHIP
  4813 | Temple   | Became a worshipper of Warmaster Okawaru
  4814 | Temple   | 4814 ||| PLANNING D:1-11
  4855 | D:5      | Noticed Prince Ribbit
  4861 | D:5      | Killed Prince Ribbit
  4862 | D:5      | Reached skill level 9 in Axes
  4862 | D:5      | Reached XP level 9. HP: 43/55 MP: 9/9
  4961 | D:5      | Identified the -2 kite shield of Tender Moments {rC+ rCorr
                  | Int-5}
  4965 | D:5      | 4965 ||| UPGRADING to -2 kite shield of Tender Moments {rC+
                  | rCorr Int-5}.
  4975 | D:5      | 4975 ||| DROPPING +0 buckler.
  4985 | D:6      | 4985 ||| DRINKING 4 potions of curing.
  4985 | D:6      | 4985 ||| (to cure confusion)
  5150 | D:6      | Reached * piety under Okawaru
  5199 | D:6      | 5199 ||| Stepping ~*~*~tactically~*~*~ (stealth).
  5439 | D:6      | Reached skill level 1 in Invocations
  5493 | D:6      | 5493 ||| INVOKING Heroism.
  5562 | D:6      | Found a runed translucent door.
  5567 | D:6      | Noticed qw's ghost (amateur NaHu)
  5849 | D:6      | Reached skill level 6 in Shields
  5849 | D:6      | Reached skill level 3 in Invocations
  5988 | D:6      | 5988 ||| UPGRADING to +0 kite shield.
  5998 | D:6      | 5998 ||| READING scroll labelled NIRUHO YHESHE.
  5999 | D:6      | 5999 ||| READING scroll labelled ASTIUJ PIHISM.
  6000 | D:6      | 6000 ||| READING scroll labelled LAYC QANA TECK.
  6001 | D:6      | 6001 ||| DRINKING 2 inky potions.
  6051 | D:7      | Found a radiant altar of Vehumet.
  6062 | D:7      | 6062 ||| DRINKING 3 potions of curing.
  6062 | D:7      | 6062 ||| (to cure confusion)
  6063 | D:7      | Found a burning altar of Makhleb.
  6309 | D:7      | 6309 ||| Stepping ~*~*~tactically~*~*~ (hiding).
  6310 | D:7      | 6310 ||| Stepping ~*~*~tactically~*~*~ (hiding).
  6311 | D:7      | 6311 ||| Stepping ~*~*~tactically~*~*~ (hiding).
  6312 | D:7      | 6312 ||| Stepping ~*~*~tactically~*~*~ (hiding).
  6313 | D:7      | 6313 ||| Stepping ~*~*~tactically~*~*~ (hiding).
  6347 | D:7      | 6347 ||| FLEEEEING.
  6348 | D:7      | 6348 ||| FLEEEEING.
  6349 | D:7      | 6349 ||| FLEEEEING.
  6641 | D:7      | 6641 ||| FLEEEEING.
  6647 | D:7      | Reached ** piety under Okawaru
  6659 | D:7      | Reached XP level 10. HP: 58/61 MP: 13/13
  6863 | D:7      | Found a runed translucent gate.
  6863 | D:7      | Found a runed translucent gate.
  6865 | D:7      | Found a runed translucent gate.
  6866 | D:7      | Noticed qw's ghost (novice GrHu)
  6885 | D:7      | 6885 ||| UPGRADING to +2 scale mail of poison resistance.
  6895 | D:7      | 6895 ||| DROPPING +0 scale mail.
  6896 | D:7      | 6896 ||| UPGRADING to +0 chain mail.
  6906 | D:7      | 6906 ||| DROPPING +2 scale mail of poison resistance.
  6907 | D:7      | 6907 ||| READING scroll labelled ATENAD FIENUO.
  6907 | D:7      | Identified a scroll of acquirement
  6907 | D:7      | 6907 ||| ACQUIRING +7 scale mail of Negligence {rF+ Dex+3
                  | Stlth-}
  6907 | D:7      | Acquired the +7 scale mail of Negligence {rF+ Dex+3 Stlth-}
  6909 | D:7      | 6909 ||| UPGRADING to +7 scale mail of Negligence {rF+
                  | Dex+3 Stlth-}.
  6919 | D:7      | 6919 ||| DROPPING +0 chain mail.
  6920 | D:7      | 6920 ||| READING 3 scrolls of identify.
  6920 | D:7      | 6920 ||| IDENTIFYING silvery potion
  6921 | D:7      | 6921 ||| READING 2 scrolls of identify.
  6921 | D:7      | 6921 ||| IDENTIFYING murky inky potion
  6968 | D:8      | Noticed Maggie
  6969 | D:8      | 6969 ||| Stepping ~*~*~tactically~*~*~ (hiding).
  6976 | D:8      | 6976 ||| INVOKING Heroism.
  6988 | D:8      | Killed Maggie
  6990 | D:8      | Reached skill level 9 in Shields
  7002 | D:8      | 7002 ||| FLEEEEING.
  7003 | D:8      | 7003 ||| FLEEEEING.
  7004 | D:8      | 7004 ||| FLEEEEING.
  7005 | D:8      | 7005 ||| FLEEEEING.
  7006 | D:8      | 7006 ||| FLEEEEING.
  7007 | D:8      | 7007 ||| FLEEEEING.
  7008 | D:8      | 7008 ||| STAIRDANCE
  7141 | D:8      | 7141 ||| INVOKING Heroism.
  7171 | D:8      | 7171 ||| SWAPPING to +2 war axe of flaming.
  7172 | D:8      | 7172 ||| DROPPING +0 morningstar.
  7173 | D:8      | 7173 ||| DROPPING +1 war axe.
  7233 | D:8      | 7233 ||| INVOKING Heroism.
  7250 | D:8      | 7250 ||| Stepping ~*~*~tactically~*~*~ (water).
  7252 | D:8      | 7252 ||| INVOKING Heroism.
  7254 | D:8      | Reached skill level 10 in Axes
  7257 | D:8      | 7257 ||| Stepping ~*~*~tactically~*~*~ (water).
  7329 | D:8      | Found a staircase to the Lair.
  7370 | D:8      | 7370 ||| Stepping ~*~*~tactically~*~*~ (hiding).
  7371 | D:8      | 7371 ||| Stepping ~*~*~tactically~*~*~ (stealth).
  7372 | D:8      | 7372 ||| Stepping ~*~*~tactically~*~*~ (hiding).
  7373 | D:8      | 7373 ||| Stepping ~*~*~tactically~*~*~ (hiding).
  7375 | D:8      | 7375 ||| INVOKING Heroism.
  7439 | D:8      | 7439 ||| Stepping ~*~*~tactically~*~*~ (water).
  7442 | D:8      | Reached *** piety under Okawaru
  7481 | D:8      | Noticed a cyclops
  7482 | D:8      | 7482 ||| Stepping ~*~*~tactically~*~*~ (hiding).
  7488 | D:8      | 7488 ||| Stepping ~*~*~tactically~*~*~ (stealth).
  7489 | D:8      | 7489 ||| Stepping ~*~*~tactically~*~*~ (stealth).
  7491 | D:8      | 7491 ||| INVOKING Heroism.
  7495 | D:8      | Killed a cyclops
  7499 | D:8      | Reached XP level 11. HP: 68/68 MP: 12/14
  7627 | D:8      | Reached skill level 11 in Axes
  7814 | D:8      | 7814 ||| PLANNING LAIR
  7814 | D:8      | 7814 ||| DRINKING 2 lumpy yellow potions.
  7919 | D:8      | 7919 ||| READING 3 scrolls of identify.
  7919 | D:8      | 7919 ||| IDENTIFYING amethyst potion
  7920 | D:8      | 7920 ||| READING 2 scrolls of identify.
  7920 | D:8      | 7920 ||| IDENTIFYING yellow potion
  7921 | D:8      | 7921 ||| DROPPING potion of brilliance.
  7922 | D:8      | 7922 ||| DROPPING potion of berserk rage.
  7923 | D:8      | 7923 ||| DROPPING potion of degeneration.
  7935 | Lair:1   | Entered Level 1 of the Lair of Beasts
  7936 | Lair:1   | 7936 ||| INVOKING Heroism.
  8173 | Lair:1   | 8173 ||| INVOKING Heroism.
  8212 | Lair:1   | 8212 ||| INVOKING Heroism.
  8304 | Lair:1   | 8304 ||| INVOKING Heroism.
  8371 | Lair:1   | Reached skill level 9 in Fighting
  8452 | Lair:1   | 8452 ||| INVOKING Heroism.
  8466 | Lair:1   | Reached skill level 3 in Dodging
  8475 | Lair:1   | Reached **** piety under Okawaru
  8536 | Lair:1   | 8536 ||| INVOKING Heroism.
  8661 | Lair:1   | 8661 ||| INVOKING Heroism.
  8838 | Lair:2   | 8838 ||| STAIRDANCE
  8842 | Lair:1   | 8842 ||| INVOKING Heroism.
  8925 | Lair:2   | 8925 ||| STAIRDANCE
  8927 | Lair:1   | 8927 ||| INVOKING Heroism.
  8932 | Lair:1   | Received a gift from Okawaru
  8933 | Lair:1   | Reached skill level 12 in Axes
  8934 | Lair:1   | Reached skill level 6 in Invocations
  8935 | Lair:1   | Reached XP level 12. HP: 51/76 MP: 14/16
  9018 | Lair:1   | 9018 ||| UPGRADING to -2 kite shield of Tender Moments {rC+
                  | rCorr Int-5}.
  9072 | Lair:2   | 9072 ||| Stepping ~*~*~tactically~*~*~ (stealth).
  9075 | Lair:2   | 9075 ||| Stepping ~*~*~tactically~*~*~ (stealth).
  9076 | Lair:2   | 9076 ||| INVOKING Heroism.
  9078 | Lair:2   | 9078 ||| Stepping ~*~*~tactically~*~*~ (stealth).
  9119 | Lair:2   | 9119 ||| INVOKING Heroism.
  9180 | Lair:2   | 9180 ||| INVOKING Heroism.
  9181 | Lair:2   | Noticed a boulder beetle
  9196 | Lair:2   | Killed a boulder beetle
  9291 | Lair:2   | 9291 ||| FLEEEEING.
  9292 | Lair:2   | 9292 ||| FLEEEEING.
  9293 | Lair:2   | 9293 ||| FLEEEEING.
  9294 | Lair:2   | 9294 ||| FLEEEEING.
  9295 | Lair:2   | 9295 ||| FLEEEEING.
  9296 | Lair:2   | 9296 ||| FLEEEEING.
  9297 | Lair:2   | 9297 ||| FLEEEEING.
  9298 | Lair:2   | 9298 ||| FLEEEEING.
  9299 | Lair:2   | 9299 ||| FLEEEEING.
  9300 | Lair:2   | 9300 ||| FLEEEEING.
  9301 | Lair:2   | 9301 ||| FLEEEEING.
  9302 | Lair:2   | 9302 ||| FLEEEEING.
  9335 | Lair:2   | Found a staircase to the Swamp.
  9339 | Lair:2   | 9339 ||| FLEEEEING.
  9395 | Lair:2   | 9395 ||| INVOKING Heroism.
  9426 | Lair:2   | 9426 ||| INVOKING Heroism.
  9440 | Lair:2   | 9440 ||| Stepping ~*~*~tactically~*~*~ (stealth).
  9500 | Lair:2   | 9500 ||| INVOKING Heroism.
  9534 | Lair:2   | 9534 ||| INVOKING Heroism.
  9549 | Lair:2   | 9549 ||| Stepping ~*~*~tactically~*~*~ (stealth).
  9570 | Lair:2   | 9570 ||| Stepping ~*~*~tactically~*~*~ (stealth).
  9572 | Lair:2   | 9572 ||| INVOKING Heroism.
  9590 | Lair:2   | Reached skill level 9 in Invocations
  9590 | Lair:2   | 9590 ||| Stepping ~*~*~tactically~*~*~ (stealth).
  9637 | Lair:2   | 9637 ||| INVOKING Heroism.
  9745 | Lair:2   | 9745 ||| INVOKING Heroism.
  9971 | Lair:3   | Found a staircase to the Snake Pit.
  9990 | Lair:3   | 9990 ||| STAIRDANCE
 10060 | Lair:3   | 10060 ||| Stepping ~*~*~tactically~*~*~ (stealth).
 10062 | Lair:3   | 10062 ||| Stepping ~*~*~tactically~*~*~ (hiding).
 10087 | Lair:3   | Noticed Gastronok
 10088 | Lair:3   | 10088 ||| Stepping ~*~*~tactically~*~*~ (hiding).
 10097 | Lair:3   | 10097 ||| INVOKING Heroism.
 10108 | Lair:3   | Killed Gastronok
 10109 | Lair:3   | Reached XP level 13. HP: 82/82 MP: 18/20
 10128 | Lair:3   | 10128 ||| Stepping ~*~*~tactically~*~*~ (stealth).
 10171 | Lair:3   | Reached skill level 13 in Axes
 10222 | Lair:3   | 10222 ||| INVOKING Heroism.
 10233 | Lair:3   | HP: 19/82 [death yak (12)]
 10234 | Lair:3   | 10234 ||| READING 4 scrolls of teleportation.
 10235 | Lair:3   | 10235 ||| DRINKING 2 potions of heal wounds.
 10242 | Lair:3   | Reached ***** piety under Okawaru
 10243 | Lair:3   | 10243 ||| INVOKING Finesse.
 10244 | Lair:3   | Received a gift from Okawaru
 10381 | Lair:3   | 10381 ||| Stepping ~*~*~tactically~*~*~ (hiding).
 10524 | Lair:3   | Found a transporter.
 10652 | Lair:3   | 10652 ||| INVOKING Heroism.
 10665 | Lair:3   | 10665 ||| Stepping ~*~*~tactically~*~*~ (stealth).
 10771 | Lair:3   | 10771 ||| INVOKING Heroism.
 10794 | Lair:3   | Found a transporter.
 10800 | Lair:3   | 10800 ||| READING scroll of enchant weapon.
 10800 | Lair:3   | 10800 ||| ENCHANTING +2 war axe of flaming.
 10807 | Lair:3   | Noticed a tentacled starspawn
 10811 | Lair:3   | Found a one-way gate to the infinite horrors of the Abyss.
 10811 | Lair:3   | Noticed qw's ghost (journeyman GrHu)
 11042 | Lair:3   | 11042 ||| READING scroll of enchant weapon.
 11042 | Lair:3   | 11042 ||| ENCHANTING +3 war axe of flaming.
 11204 | Lair:3   | 11204 ||| UPGRADING to +1 hat of intelligence.
 11209 | Lair:3   | 11209 ||| READING scroll labelled UKKAMA FILIUF.
 11307 | Lair:4   | Reached skill level 14 in Axes
 11347 | Lair:4   | 11347 ||| Stepping ~*~*~tactically~*~*~ (stealth).
 11356 | Lair:4   | Reached skill level 3 in Throwing
 11365 | Lair:4   | Received a gift from Okawaru
 11383 | Lair:4   | 11383 ||| INVOKING Heroism.
 11696 | Lair:4   | 11696 ||| INVOKING Heroism.
 11749 | Lair:4   | 11749 ||| INVOKING Heroism.
 11757 | Lair:4   | Received a gift from Okawaru
 11806 | Lair:4   | 11806 ||| INVOKING Heroism.
 11889 | Lair:4   | Found a viscous altar of Jiyva.
 11889 | Lair:4   | Found a staircase to the Slime Pits.
 12028 | Lair:4   | Received a gift from Okawaru
 12029 | Lair:4   | Reached skill level 12 in Shields
 12130 | Lair:4   | Gained mutation: Your large and strong wings let you fly.
                  | [Gargoyle growth]
 12130 | Lair:4   | Reached XP level 14. HP: 90/90 MP: 21/21
 12342 | Lair:4   | 12342 ||| DROPPING ring of flight.
 12382 | Lair:5   | Entered Level 5 of the Lair of Beasts
 12423 | Lair:5   | 12423 ||| FLEEEEING.
 12424 | Lair:5   | 12424 ||| FLEEEEING.
 12436 | Lair:5   | 12436 ||| INVOKING Heroism.
 12539 | Lair:5   | Identified the +2 helmet "Oryicu" {rPois rN+++ Str-5 Int-2}
                  | (Okawaru gifted it to you on level 5 of the Lair of Beasts)
 12539 | Lair:5   | Received a gift from Okawaru
 12549 | Lair:5   | 12549 ||| Stepping ~*~*~tactically~*~*~ (stealth).
 12564 | Lair:5   | 12564 ||| Stepping ~*~*~tactically~*~*~ (stealth).
 12603 | Lair:5   | 12603 ||| Stepping ~*~*~tactically~*~*~ (stealth).
 12618 | Lair:5   | 12618 ||| INVOKING Heroism.
 12624 | Lair:5   | 12624 ||| Stepping ~*~*~tactically~*~*~ (stealth).
 12915 | Lair:5   | 12915 ||| READING scroll of enchant armour.
 12915 | Lair:5   | 12915 ||| ENCHANTING +1 hat of intelligence.
 12969 | Lair:5   | 12969 ||| INVOKING Heroism.
 12972 | Lair:5   | 12972 ||| INVOKING Finesse.
 13039 | Lair:5   | 13039 ||| INVOKING Heroism.
 13122 | Lair:5   | 13122 ||| INVOKING Heroism.
 13208 | Lair:5   | 13208 ||| Stepping ~*~*~tactically~*~*~ (stealth).
 13214 | Lair:5   | 13214 ||| Stepping ~*~*~tactically~*~*~ (stealth).
 13216 | Lair:5   | 13216 ||| Stepping ~*~*~tactically~*~*~ (stealth).
 13283 | Lair:5   | 13283 ||| Stepping ~*~*~tactically~*~*~ (stealth).
 13285 | Lair:5   | 13285 ||| Stepping ~*~*~tactically~*~*~ (stealth).
 13299 | Lair:5   | Reached skill level 15 in Axes
 13301 | Lair:5   | 13301 ||| Stepping ~*~*~tactically~*~*~ (stealth).
 13303 | Lair:5   | 13303 ||| Stepping ~*~*~tactically~*~*~ (hiding).
 13305 | Lair:5   | 13305 ||| INVOKING Heroism.
 13311 | Lair:5   | Reached skill level 6 in Armour
 13365 | Lair:5   | 13365 ||| INVOKING Heroism.
 13444 | Lair:5   | 13444 ||| Stepping ~*~*~tactically~*~*~ (stealth).
 13445 | Lair:5   | 13445 ||| INVOKING Heroism.
 13479 | Lair:5   | 13479 ||| INVOKING Heroism.
 13594 | Lair:5   | 13594 ||| INVOKING Heroism.
 13662 | Lair:5   | 13662 ||| INVOKING Heroism.
 13747 | Lair:5   | 13747 ||| Stepping ~*~*~tactically~*~*~ (stealth).
 13749 | Lair:5   | 13749 ||| INVOKING Heroism.
 13754 | Lair:5   | Reached skill level 12 in Fighting
 13855 | Lair:5   | 13855 ||| Stepping ~*~*~tactically~*~*~ (stealth).
 13856 | Lair:5   | 13856 ||| Stepping ~*~*~tactically~*~*~ (stealth).
 13857 | Lair:5   | 13857 ||| Stepping ~*~*~tactically~*~*~ (stealth).
 14193 | Lair:5   | 14193 ||| PLANNING D:1-11
 14193 | Lair:5   | 14193 ||| DROPPING +2 helmet "Oryicu" {rPois rN+++ Str-5
                  | Int-2}.
 14194 | Lair:5   | 14194 ||| DROPPING amulet of regeneration.
 14628 | D:9      | 14628 ||| Stepping ~*~*~tactically~*~*~ (hiding).
 14781 | D:9      | Received a gift from Okawaru
 14990 | D:9      | Found Votuan's Weapon Emporium.
 15064 | D:9      | 15064 ||| Stepping ~*~*~tactically~*~*~ (hiding).
 15130 | D:9      | 15130 ||| READING scroll labelled WOT MUENTEYLL.
 15154 | D:10     | Entered Level 10 of the Dungeon
 15202 | D:10     | Noticed Sonja
 15203 | D:10     | 15203 ||| Stepping ~*~*~tactically~*~*~ (stealth).
 15231 | D:10     | 15231 ||| Stepping ~*~*~tactically~*~*~ (stealth).
 15232 | D:10     | 15232 ||| Stepping ~*~*~tactically~*~*~ (stealth).
 15234 | D:10     | 15234 ||| Stepping ~*~*~tactically~*~*~ (stealth).
 15237 | D:10     | 15237 ||| Stepping ~*~*~tactically~*~*~ (stealth).
 15278 | D:10     | Noticed Urug
 15279 | D:10     | 15279 ||| Stepping ~*~*~tactically~*~*~ (stealth).
 15280 | D:10     | 15280 ||| INVOKING Heroism.
 15286 | D:10     | Killed Sonja
 15289 | D:10     | Killed Urug
 15382 | D:10     | Found an opulent altar of Gozag.
 15394 | D:10     | Found a hazy altar of Hepliaklqana.
 15451 | D:10     | 15451 ||| Stepping ~*~*~tactically~*~*~ (stealth).
 15532 | D:10     | 15532 ||| Stepping ~*~*~tactically~*~*~ (hiding).
 15535 | D:10     | 15535 ||| Stepping ~*~*~tactically~*~*~ (hiding).
 15622 | D:10     | 15622 ||| Stepping ~*~*~tactically~*~*~ (hiding).
 15690 | D:10     | Found a glowing silver altar of Zin.
 15707 | D:10     | Found a white marble altar of Elyvilon.
 15864 | D:10     | 15864 ||| UPGRADING to +0 cloak.
 15869 | D:10     | 15869 ||| READING scroll of enchant armour.
 15869 | D:10     | 15869 ||| ENCHANTING +0 cloak.
 16040 | D:11     | 16040 ||| Stepping ~*~*~tactically~*~*~ (stealth).
 16306 | D:11     | 16306 ||| INVOKING Heroism.
 16360 | D:11     | 16360 ||| INVOKING Heroism.
 16739 | D:11     | Found a staircase to the Orcish Mines.
 16803 | D:11     | 16803 ||| Stepping ~*~*~tactically~*~*~ (hiding).
 17041 | D:11     | Reached XP level 15. HP: 95/96 MP: 22/22
 17242 | D:11     | 17242 ||| PLANNING D
 17397 | D:12     | Noticed Maurice
 17405 | D:12     | Killed Maurice
 17416 | D:12     | 17416 ||| Stepping ~*~*~tactically~*~*~ (hiding).
 17424 | D:12     | Reached skill level 16 in Axes
 17837 | D:12     | 17837 ||| DRINKING 8 potions of curing.
 17837 | D:12     | 17837 ||| (to cure confusion)
 17994 | D:12     | Found a shimmering altar of Xom.
 18059 | D:12     | 18059 ||| UPGRADING to +2 cloak of stealth.
 18069 | D:12     | 18069 ||| DROPPING +1 cloak.
 18140 | D:13     | 18140 ||| Stepping ~*~*~tactically~*~*~ (hiding).
 18141 | D:13     | 18141 ||| Stepping ~*~*~tactically~*~*~ (hiding).
 18269 | D:13     | Found Losuh's Antique Weapon Boutique.
 18270 | D:13     | 18270 ||| INVOKING Heroism.
 18553 | D:13     | 18553 ||| FLEEEEING.
 18554 | D:13     | 18554 ||| FLEEEEING.
 18555 | D:13     | 18555 ||| FLEEEEING.
 18556 | D:13     | 18556 ||| FLEEEEING.
 18557 | D:13     | 18557 ||| FLEEEEING.
 18558 | D:13     | 18558 ||| FLEEEEING.
 18595 | D:13     | 18595 ||| READING scroll of enchant weapon.
 18595 | D:13     | 18595 ||| ENCHANTING +4 war axe of flaming.
 18683 | D:13     | Received a gift from Okawaru
 18752 | D:13     | 18752 ||| INVOKING Heroism.
 18755 | D:13     | 18755 ||| Stepping ~*~*~tactically~*~*~ (hiding).
 18768 | D:13     | 18768 ||| Stepping ~*~*~tactically~*~*~ (hiding).
 18846 | D:13     | Received a gift from Okawaru
 18861 | D:13     | Found a gate to the Vaults.
 19046 | D:13     | 19046 ||| DRINKING 2 clear potions.
 19047 | D:13     | 19047 ||| DROPPING potion of invisibility.
 19108 | D:14     | 19108 ||| Stepping ~*~*~tactically~*~*~ (hiding).
 19182 | D:14     | Noticed Lodul
 19183 | D:14     | 19183 ||| Stepping ~*~*~tactically~*~*~ (stealth).
 19185 | D:14     | 19185 ||| Stepping ~*~*~tactically~*~*~ (stealth).
 19188 | D:14     | 19188 ||| Stepping ~*~*~tactically~*~*~ (hiding).
 19202 | D:14     | Received a gift from Okawaru
 19206 | D:14     | Killed Lodul
 19249 | D:14     | 19249 ||| Stepping ~*~*~tactically~*~*~ (stealth).
 19275 | D:14     | 19275 ||| Stepping ~*~*~tactically~*~*~ (hiding).
 19355 | D:14     | 19355 ||| Stepping ~*~*~tactically~*~*~ (stealth).
 19404 | D:14     | 19404 ||| INVOKING Heroism.
 19415 | D:14     | Reached skill level 6 in Throwing
 19417 | D:14     | Identified the +7 lajatang "Hieg" {vamp, Int+4}
 19428 | D:14     | 19428 ||| INVOKING Heroism.
 19615 | D:14     | 19615 ||| UPGRADING to +0 pair of gloves.
 19660 | D:14     | 19660 ||| READING scroll of enchant armour.
 19660 | D:14     | 19660 ||| ENCHANTING +0 pair of gloves.
 19694 | D:14     | 19694 ||| Stepping ~*~*~tactically~*~*~ (hiding).
 19696 | D:14     | 19696 ||| Stepping ~*~*~tactically~*~*~ (hiding).
 19697 | D:14     | 19697 ||| Stepping ~*~*~tactically~*~*~ (hiding).
 19698 | D:14     | 19698 ||| Stepping ~*~*~tactically~*~*~ (hiding).
 19699 | D:14     | 19699 ||| Stepping ~*~*~tactically~*~*~ (hiding).
 19700 | D:14     | 19700 ||| Stepping ~*~*~tactically~*~*~ (hiding).
 19701 | D:14     | 19701 ||| Stepping ~*~*~tactically~*~*~ (hiding).
 19706 | D:14     | 19706 ||| INVOKING Heroism.
 19940 | D:14     | 19940 ||| Stepping ~*~*~tactically~*~*~ (hiding).
 19946 | D:14     | Received a gift from Okawaru
 20147 | D:15     | Entered Level 15 of the Dungeon
 20179 | D:15     | 20179 ||| Stepping ~*~*~tactically~*~*~ (stealth).
 20180 | D:15     | 20180 ||| Stepping ~*~*~tactically~*~*~ (stealth).
 20191 | D:15     | 20191 ||| FLEEEEING.
 20193 | D:15     | 20193 ||| FLEEEEING.
 20263 | D:15     | Received a gift from Okawaru
 20291 | D:15     | 20291 ||| Stepping ~*~*~tactically~*~*~ (hiding).
 20295 | D:15     | 20295 ||| INVOKING Heroism.
 20302 | D:15     | Reached skill level 9 in Armour
 20403 | D:15     | Found a staircase to the Depths.
 20474 | D:15     | 20474 ||| Stepping ~*~*~tactically~*~*~ (hiding).
 20628 | D:15     | Reached XP level 16. HP: 104/104 MP: 23/23
 20760 | D:15     | 20760 ||| Stepping ~*~*~tactically~*~*~ (hiding).
 20765 | D:15     | 20765 ||| Stepping ~*~*~tactically~*~*~ (hiding).
 20770 | D:15     | 20770 ||| Stepping ~*~*~tactically~*~*~ (hiding).
 20772 | D:15     | 20772 ||| Stepping ~*~*~tactically~*~*~ (hiding).
 20823 | D:15     | 20823 ||| Stepping ~*~*~tactically~*~*~ (hiding).
 20827 | D:15     | 20827 ||| INVOKING Heroism.
 20878 | D:15     | Noticed Roxanne
 20879 | D:15     | 20879 ||| INVOKING Heroism.
 20880 | D:15     | 20880 ||| INVOKING Finesse.
 20894 | D:15     | Killed Roxanne
 21049 | D:15     | 21049 ||| Stepping ~*~*~tactically~*~*~ (hiding).
 21056 | D:15     | 21056 ||| INVOKING Heroism.
 21057 | D:15     | HP: 16/104 [death knight/+3 great mace of protection (28)]
 21058 | D:15     | 21058 ||| READING 6 scrolls of teleportation.
 21059 | D:15     | 21059 ||| DRINKING 3 potions of heal wounds.
 21281 | D:15     | 21281 ||| Stepping ~*~*~tactically~*~*~ (hiding).
 21403 | D:15     | 21403 ||| Stepping ~*~*~tactically~*~*~ (hiding).
 21578 | D:15     | Found Raodac's Antique Weapon Emporium.
 21593 | D:15     | 21593 ||| PLANNING ORC
 21593 | D:15     | 21593 ||| DROPPING +0 plate armour.
 21594 | D:15     | 21594 ||| DROPPING +3 scale mail of cold resistance.
 21595 | D:15     | 21595 ||| UPGRADING to +4 plate armour.
 21726 | Orc:1    | Entered Level 1 of the Orcish Mines
 21741 | Orc:1    | 21741 ||| Stepping ~*~*~tactically~*~*~ (hiding).
 21799 | Orc:1    | Found a dark tunnel.
 21947 | Orc:1    | Found a runed translucent door.
 21948 | Orc:1    | Found a shimmering altar of Xom.
 21948 | Orc:1    | Noticed Voleoc's ghost (journeyman GrFi)
 22798 | Orc:1    | 22798 ||| Stepping randomly (stuck).
 22826 | Orc:2    | Entered Level 2 of the Orcish Mines
 22839 | Orc:2    | 22839 ||| FLEEEEING.
 22840 | Orc:2    | 22840 ||| FLEEEEING.
 22841 | Orc:2    | 22841 ||| FLEEEEING.
 22842 | Orc:2    | 22842 ||| FLEEEEING.
 22843 | Orc:2    | 22843 ||| FLEEEEING.
 22845 | Orc:2    | 22845 ||| FLEEEEING.
 22846 | Orc:2    | 22846 ||| STAIRDANCE
 22998 | Orc:2    | Received a gift from Okawaru
 23013 | Orc:2    | 23013 ||| Stepping ~*~*~tactically~*~*~ (hiding).
 23014 | Orc:2    | 23014 ||| Stepping ~*~*~tactically~*~*~ (hiding).
 23062 | Orc:2    | 23062 ||| Stepping ~*~*~tactically~*~*~ (stealth).
 23063 | Orc:2    | 23063 ||| Stepping ~*~*~tactically~*~*~ (stealth).
 23066 | Orc:2    | 23066 ||| INVOKING Heroism.
 23292 | Orc:2    | 23292 ||| INVOKING Heroism.
 23310 | Orc:2    | 23310 ||| Stepping ~*~*~tactically~*~*~ (hiding).
 23311 | Orc:2    | 23311 ||| Stepping ~*~*~tactically~*~*~ (hiding).
 23312 | Orc:2    | 23312 ||| Stepping ~*~*~tactically~*~*~ (hiding).
 23390 | Orc:2    | Found an ancient bone altar of Kikubaaqudgha.
 23390 | Orc:2    | Noticed Nergalle
 23391 | Orc:2    | 23391 ||| INVOKING Heroism.
 23396 | Orc:2    | Received a gift from Okawaru
 23410 | Orc:2    | Killed Nergalle
 23420 | Orc:2    | Found Ricivab's Distillery.
 23427 | Orc:2    | 23427 ||| INVOKING Finesse.
 23438 | Orc:2    | 23438 ||| INVOKING Heroism.
 23445 | Orc:2    | 23445 ||| Stepping ~*~*~tactically~*~*~ (stealth).
 23458 | Orc:2    | 23458 ||| Stepping ~*~*~tactically~*~*~ (stealth).
 23464 | Orc:2    | 23464 ||| Stepping ~*~*~tactically~*~*~ (stealth).
 23481 | Orc:2    | 23481 ||| Stepping ~*~*~tactically~*~*~ (stealth).
 23482 | Orc:2    | Noticed Erolcha
 23482 | Orc:2    | 23482 ||| Stepping ~*~*~tactically~*~*~ (stealth).
 23483 | Orc:2    | 23483 ||| Stepping ~*~*~tactically~*~*~ (hiding).
 23484 | Orc:2    | 23484 ||| Stepping ~*~*~tactically~*~*~ (hiding).
 23486 | Orc:2    | 23486 ||| Stepping ~*~*~tactically~*~*~ (hiding).
 23489 | Orc:2    | 23489 ||| INVOKING Heroism.
 23510 | Orc:2    | Killed Erolcha
 23571 | Orc:2    | Found a radiant altar of Vehumet.
 23581 | Orc:2    | 23581 ||| BUYING 2 potions of curing (102 gold).
 23581 | Orc:2    | Bought 2 potions of curing for 102 gold pieces
 23581 | Orc:2    | 23581 ||| BUYING potion of curing (51 gold).
 23581 | Orc:2    | Bought a potion of curing for 51 gold pieces
 23581 | Orc:2    | 23581 ||| BUYING potion of curing (51 gold).
 23581 | Orc:2    | Bought a potion of curing for 51 gold pieces
 23581 | Orc:2    | 23581 ||| BUYING potion of heal wounds (85 gold).
 23581 | Orc:2    | Bought a potion of heal wounds for 85 gold pieces
 23581 | Orc:2    | 23581 ||| BUYING potion of heal wounds (85 gold).
 23581 | Orc:2    | Bought a potion of heal wounds for 85 gold pieces
 23581 | Orc:2    | 23581 ||| BUYING potion of magic (136 gold).
 23581 | Orc:2    | Bought a potion of magic for 136 gold pieces
 23601 | Orc:2    | 23601 ||| INVOKING Heroism.
 23602 | Orc:2    | Found Ranerec's Jewellery Shoppe.
 23629 | Orc:2    | Found Jorial Lokhlu's Antique Armour Shoppe.
 23631 | Orc:2    | 23631 ||| BUYING amulet "Qeopicagg" {Faith +Blink Regen+
                  | MP+9 Slay-3} (844 gold).
 23631 | Orc:2    | Bought the amulet "Qeopicagg" {Faith +Blink Regen+ MP+9
                  | Slay-3} for 844 gold pieces
 23631 | Orc:2    | 23631 ||| BUYING amulet of the Delicate Mango {RegenMP
                  | Regen+ Int-5 Dex+2} (429 gold).
 23631 | Orc:2    | Bought the amulet of the Delicate Mango {RegenMP Regen+
                  | Int-5 Dex+2} for 429 gold pieces
 23631 | Orc:2    | 23631 ||| BUYING ring of Wunymimo {rPois rC++ rN+ Will-
                  | Stlth+} (662 gold).
 23631 | Orc:2    | Bought the ring of Wunymimo {rPois rC++ rN+ Will- Stlth+}
                  | for 662 gold pieces
 23631 | Orc:2    | 23631 ||| SHOPLISTING ring of ice (350 gold, have 306).
 23631 | Orc:2    | 23631 ||| SHOPLISTING ring of protection from cold (350
                  | gold, have 306).
 23639 | Orc:2    | 23639 ||| BUYING bloodstained helmet (199 gold).
 23639 | Orc:2    | Bought a bloodstained helmet for 199 gold pieces
 23639 | Orc:2    | Identified the +0 helmet of the Beggar {Will+ MP+9 Int-4}
                  | (You bought it in a shop on level 2 of the Orcish Mines)
 23672 | Orc:2    | Found Anodaiv's Book Shoppe.
 23756 | Orc:2    | Found a staircase to the Elven Halls.
 23899 | Orc:2    | 23899 ||| PLANNING SNAKE:1-3
 23899 | Orc:2    | 23899 ||| UPGRADING to amulet "Qeopicagg" {Faith +Blink
                  | Regen+ MP+9 Slay-3}.
 23948 | Orc:2    | 23948 ||| DROPPING amulet of reflection.
 24215 | Snake:1  | Entered Level 1 of the Snake Pit
 24289 | Snake:1  | 24289 ||| Stepping ~*~*~tactically~*~*~ (hiding).
 24308 | Snake:1  | 24308 ||| Stepping ~*~*~tactically~*~*~ (stealth).
 24324 | Snake:1  | 24324 ||| Stepping ~*~*~tactically~*~*~ (stealth).
 24374 | Snake:1  | Identified the +1 helmet of Failure {Contam rC+ Str+5}
 24395 | Snake:1  | 24395 ||| Stepping ~*~*~tactically~*~*~ (hiding).
 24493 | Snake:1  | Received a gift from Okawaru
 24668 | Snake:1  | 24668 ||| INVOKING Heroism.
 24757 | Snake:1  | 24757 ||| INVOKING Heroism.
 24962 | Snake:1  | 24962 ||| DROPPING +0 helmet of the Beggar {Will+ MP+9
                  | Int-4}.
 24963 | Snake:1  | 24963 ||| UPGRADING to +1 helmet of Failure {Contam rC+
                  | Str+5}.
 24973 | Snake:1  | 24973 ||| DROPPING +2 hat of intelligence.
 24974 | Snake:1  | 24974 ||| READING 21 scrolls of identify.
 24974 | Snake:1  | 24974 ||| IDENTIFYING brown potion
 25006 | Snake:2  | 25006 ||| Stepping ~*~*~tactically~*~*~ (hiding).
 25010 | Snake:2  | 25010 ||| Stepping ~*~*~tactically~*~*~ (hiding).
 25012 | Snake:2  | 25012 ||| Stepping ~*~*~tactically~*~*~ (hiding).
 25015 | Snake:2  | 25015 ||| INVOKING Heroism.
 25025 | Snake:2  | 25025 ||| Stepping ~*~*~tactically~*~*~ (hiding).
 25029 | Snake:2  | 25029 ||| Stepping ~*~*~tactically~*~*~ (hiding).
 25035 | Snake:2  | Reached skill level 12 in Armour
 25037 | Snake:2  | 25037 ||| Stepping ~*~*~tactically~*~*~ (hiding).
 25038 | Snake:2  | 25038 ||| Stepping ~*~*~tactically~*~*~ (hiding).
 25119 | Snake:2  | 25119 ||| Stepping ~*~*~tactically~*~*~ (hiding).
 25120 | Snake:2  | 25120 ||| Stepping ~*~*~tactically~*~*~ (hiding).
 25122 | Snake:2  | 25122 ||| Stepping ~*~*~tactically~*~*~ (hiding).
 25294 | Snake:2  | Received a gift from Okawaru
 25402 | Snake:2  | 25402 ||| INVOKING Heroism.
 25475 | Snake:2  | Noticed a nagaraja
 25476 | Snake:2  | 25476 ||| INVOKING Heroism.
 25486 | Snake:2  | Killed a nagaraja
 25508 | Snake:2  | 25508 ||| Stepping ~*~*~tactically~*~*~ (hiding).
 25512 | Snake:2  | 25512 ||| Stepping ~*~*~tactically~*~*~ (hiding).
 25564 | Snake:2  | 25564 ||| Stepping ~*~*~tactically~*~*~ (hiding).
 25590 | Snake:2  | 25590 ||| INVOKING Heroism.
 25597 | Snake:2  | 25597 ||| Stepping ~*~*~tactically~*~*~ (hiding).
 25832 | Snake:3  | 25832 ||| Stepping ~*~*~tactically~*~*~ (hiding).
 25834 | Snake:3  | 25834 ||| Stepping ~*~*~tactically~*~*~ (hiding).
 25872 | Snake:3  | Noticed Vashnia
 25873 | Snake:3  | 25873 ||| Stepping ~*~*~tactically~*~*~ (hiding).
 25874 | Snake:3  | 25874 ||| INVOKING Heroism.
 25876 | Snake:3  | 25876 ||| INVOKING Finesse.
 25886 | Snake:3  | Received a gift from Okawaru
 25888 | Snake:3  | Noticed Aizul
 25907 | Snake:3  | Killed Aizul
 25907 | Snake:3  | Received a gift from Okawaru
 25909 | Snake:3  | HP: 19/106 [naga sharpshooter/bolt[Vashnia] (14)]
 25910 | Snake:3  | 25910 ||| READING 8 scrolls of teleportation.
 25911 | Snake:3  | 25911 ||| DRINKING 4 potions of heal wounds.
 26004 | Snake:3  | 26004 ||| Stepping ~*~*~tactically~*~*~ (hiding).
 26168 | Snake:3  | Noticed Jorgrun
 26169 | Snake:3  | 26169 ||| Stepping ~*~*~tactically~*~*~ (stealth).
 26176 | Snake:3  | 26176 ||| INVOKING Heroism.
 26177 | Snake:3  | 26177 ||| INVOKING Finesse.
 26196 | Snake:3  | Killed Jorgrun
 26273 | Snake:3  | Noticed Mlioglotl
 26274 | Snake:3  | 26274 ||| INVOKING Heroism.
 26275 | Snake:3  | 26275 ||| INVOKING Finesse.
 26282 | Snake:3  | Killed Mlioglotl
 26452 | Snake:3  | Reached XP level 17. HP: 111/111 MP: 24/24
 26488 | Snake:3  | 26488 ||| INVOKING Heroism.
 26503 | Snake:3  | 26503 ||| Stepping ~*~*~tactically~*~*~ (hiding).
 26509 | Snake:3  | 26509 ||| Stepping ~*~*~tactically~*~*~ (hiding).
 26535 | Snake:3  | Killed Vashnia
 26599 | Snake:3  | Received a gift from Okawaru
 26801 | Snake:3  | 26801 ||| PLANNING SWAMP:1-3
 26871 | Swamp:1  | Entered Level 1 of the Swamp
 26882 | Swamp:1  | 26882 ||| Stepping ~*~*~tactically~*~*~ (hiding).
 26883 | Swamp:1  | 26883 ||| Stepping ~*~*~tactically~*~*~ (hiding).
 26885 | Swamp:1  | 26885 ||| INVOKING Heroism.
 26900 | Swamp:1  | 26900 ||| Stepping ~*~*~tactically~*~*~ (stealth).
 26901 | Swamp:1  | 26901 ||| Stepping ~*~*~tactically~*~*~ (stealth).
 26902 | Swamp:1  | 26902 ||| Stepping ~*~*~tactically~*~*~ (stealth).
 26910 | Swamp:1  | 26910 ||| Stepping ~*~*~tactically~*~*~ (stealth).
 26915 | Swamp:1  | 26915 ||| Stepping ~*~*~tactically~*~*~ (hiding).
 26918 | Swamp:1  | 26918 ||| INVOKING Heroism.
 27244 | Swamp:1  | 27244 ||| INVOKING Heroism.
 27387 | Swamp:2  | 27387 ||| INVOKING Heroism.
 27391 | Swamp:2  | Received a gift from Okawaru
 27392 | Swamp:2  | 27392 ||| Stepping ~*~*~tactically~*~*~ (stealth).
 27398 | Swamp:2  | 27398 ||| Stepping ~*~*~tactically~*~*~ (stealth).
 27399 | Swamp:2  | 27399 ||| Stepping ~*~*~tactically~*~*~ (stealth).
 27406 | Swamp:2  | HP: 17/112 [will-o-the-wisp/foxfire (12)]
 27407 | Swamp:2  | 27407 ||| READING 8 scrolls of teleportation.
 27408 | Swamp:2  | 27408 ||| DRINKING 4 potions of heal wounds.
 27419 | Swamp:2  | 27419 ||| INVOKING Heroism.
 27471 | Swamp:2  | 27471 ||| INVOKING Heroism.
 27541 | Swamp:2  | 27541 ||| Stepping ~*~*~tactically~*~*~ (stealth).
 27549 | Swamp:2  | Reached skill level 15 in Fighting
 27556 | Swamp:2  | 27556 ||| FLEEEEING.
 27557 | Swamp:2  | 27557 ||| FLEEEEING.
 27558 | Swamp:2  | 27558 ||| FLEEEEING.
 27559 | Swamp:2  | 27559 ||| FLEEEEING.
 27561 | Swamp:2  | 27561 ||| FLEEEEING.
 27563 | Swamp:2  | 27563 ||| INVOKING Heroism.
 27620 | Swamp:2  | Found a large runed translucent door.
 27620 | Swamp:2  | Found a large runed translucent door.
 27624 | Swamp:2  | Noticed reggie's ghost (journeyman DrHW)
 27644 | Swamp:2  | 27644 ||| INVOKING Heroism.
 27657 | Swamp:2  | 27657 ||| Stepping ~*~*~tactically~*~*~ (hiding).
 27662 | Swamp:2  | 27662 ||| Stepping ~*~*~tactically~*~*~ (hiding).
 27665 | Swamp:2  | 27665 ||| Stepping ~*~*~tactically~*~*~ (hiding).
 27937 | Swamp:2  | 27937 ||| UPGRADING to +0 crystal plate armour.
 27947 | Swamp:2  | 27947 ||| DROPPING +4 plate armour.
 27975 | Swamp:3  | 27975 ||| STAIRDANCE
 28038 | Swamp:3  | 28038 ||| INVOKING Heroism.
 28054 | Swamp:3  | Received a gift from Okawaru
 28062 | Swamp:3  | HP: 25/113 [alligator[a spriggan druid] (18)]
 28063 | Swamp:3  | 28063 ||| READING 7 scrolls of teleportation.
 28064 | Swamp:3  | 28064 ||| DRINKING 3 potions of heal wounds.
 28065 | Swamp:3  | 28065 ||| DRINKING 2 potions of heal wounds.
 28065 | Swamp:3  | Noticed Donald
 28066 | Swamp:3  | 28066 ||| READING 6 scrolls of teleportation.
 28066 | Swamp:3  | HP: 9/113 [tyrant leech (20)]
 28067 | Swamp:3  | 28067 ||| DRINKING potion of heal wounds.
 28073 | Swamp:3  | HP: 25/113 [eight-headed hydra[a spriggan druid] (11)]
 28074 | Swamp:3  | 28074 ||| READING 5 scrolls of teleportation.
 28074 | Swamp:3  | HP: 7/113 [eight-headed hydra[a spriggan druid] (7)]
 28074 | Swamp:3  | Slain by an eight-headed hydra

Levels and vault maps discovered:
D:1:      minmay_arrival_arboretum_large, layout_rooms
D:2:      minmay_door_path, layout_loops_ring, minmay_heptomino_o4
D:3:      layout_rooms, hellmonk_ecumenical_altar_defaced_shrine,
          grunt_ministairs_6, minivault_19, uniq_sigmund, uniq_jessica,
          uniq_terence
D:4:      minmay_opposing_rooms, layout_layer_cave, serial_forest,
          infiniplex_forest_straight_4, infiniplex_forest_straight_3,
          infiniplex_forest_lined_room_, infiniplex_forest_lined_3,
          infiniplex_forest_clump_long
D:5:      layout_rooms, minmay_temple_entry_mist, portal_sewer_entry_f,
          supply_closet_lemuel, uniq_blork_the_orc, uniq_prince_ribbit1
D:6:      layout_cave_pods, hellmonk_ghost_happy_afterlife
D:7:      layout_loops_ring, grunt_temple_overflow_lords_of_destruction,
          biasface_ghost_orc_armoury
D:8:      cheibrodos_ideogram_h, layout_rooms, erik_lair_island, uniq_maggie
D:9:      layout_irregular_city, serial_shops, nicolae_shop_back_alley_shop,
          grunt_decor_mini_mirrors
D:10:     layout_basic, nicolae_overflow_quartered_altars, uniq_sonja, uniq_urug
D:11:     layout_basic, orc_0_dummy, kennysheep_generic_room_2
D:12:     layout_long_grid, led_xom_imps, uniq_maurice
D:13:     layout_basic, david_vaults_5, serial_shops, shop
D:14:     minmay_clustersquares, layout_rooms, nicolae_the_louvre,
          nrook_guardian_serpent_ordinary, uniq_lodul
D:15:     grunt_enter_depths_hoard, layout_loops_ring, serial_shops, shop,
          portal_ice_cave_entry_dragon, chequers_serial_rivers_micro_d,
          uniq_roxanne
Temple:   nicolae_temple_elliptical
Lair:1:   layout_small_grid, kennysheep_rathole
Lair:2:   lemuel_reptile_caves, layout_hall_layers, minmay_swamp_entry_swarm,
          serial_rivers, chequers_serial_rivers_micro_b,
          chequers_serial_rivers_marsh, chequers_serial_rivers_room_a,
          chequers_serial_rivers_marsh
Lair:3:   layout_hall_layers, guppyfry_snake_entry_island,
          gammafunk_ghost_abyssal_escape, roderic_carrion_pond,
          lemuel_fruit_tree, uniq_gastronok
Lair:4:   layout_cellular_growth, slime_entry_1, beast_lair_carwin_8,
          grunt_megastairs_4
Lair:5:   minmay_lair_end_enchanted_forest, layout_cave_pods, st_stairs_3
Swamp:1:  layout_falls_marsh, nicolae_swamp_trees_clearing, swamp_pool5
Swamp:2:  layout_falls_marsh, ebering_ghost_disaster_area,
          evilmike_swamp_ruin_house_5, swamp_pool3
Swamp:3:  layout_falls_marsh, nicolae_swamp_decorative_isthmus, uniq_donald
Snake:1:  layout_misc_corridors
Snake:2:  cheibrodos_snake_ritualist_ritual, layout_misc_corridors, drop_trap,
          corexii_hall_statues_x
Snake:3:  layout_gridlike, uniq_jorgrun, uniq_mlioglotl, uniq_vashnia,
          uniq_aizul
Orc:1:    layout_diamond_mine, nicolae_volcano_entry_hallway, ebering_ghost_xom,
          basic_altar
Orc:2:    kennysheep_orc_mage_school, layout_diamond_mine, basic_altar

Skill      XL: |  1  2  3  4  5  6  7  8  9 10 11 12 13 14 15 16 17 |
---------------+----------------------------------------------------+-----
Axes           | 2 3 4 6 7 9 10 12 14 15 16 | 16.0
Dodging        | 1 2 3 4 5 |  5.0
Throwing       | 1 4 5 7 8 |  8.0
Fighting       | 4 6 8 9 10 11 12 13 14 15 | 15.0
Shields        | 8 9 10 12 13 14 | 14.3
Invocations    | 4 6 10 | 10.2
Armour         | 4 5 7 9 13 14 | 14.7

Action                     |  1- 3 |  4- 6 |  7- 9 | 10-12 | 13-15 | 16-18 || total
---------------------------+-------+-------+-------+-------+-------+-------++-------
  Melee: War axe           |   105 |    96 |   308 |   397 |   871 |   657 ||  2434
  Throw: Boomerang         |       |     8 |    37 |    18 |    34 |       ||    97
         Javelin           |       |       |       |       |   214 |    69 ||   283
 Invoke: Heroism           |       |       |     1 |    26 |    28 |    28 ||    83
         Finesse           |       |       |       |       |     2 |     5 ||     7
    Use: Scroll            |     4 |     5 |     8 |     5 |     9 |     7 ||    38
         Potion            |       |     2 |     6 |     1 |     3 |     6 ||    18
   Stab: Distracted        |       |       |       |       |     1 |       ||     1
 Armour: Scale mail        |    59 |    43 |   128 |   166 |   286 |    25 ||   707
         Plate armour      |       |       |       |       |       |   254 ||   254
         Crystal plate arm |       |       |       |       |       |    59 ||    59
  Dodge: Dodged            |    57 |    45 |    99 |   154 |   244 |   172 ||   771
  Block: Buckler           |    16 |    15 |    68 |       |       |       ||    99
         Reflection        |       |       |     8 |     9 |    36 |    14 ||    67
         Kite shield       |       |       |    83 |   315 |   503 |   320 ||  1221

Table legend:
 A = Non-vault XP
 B = Vault XP
 C = Vault XP percentage of total XP
 D = Non-vault monster count
 E = Vault monster count
 F = Vault count percentage of total count
                 A         B        C        D         E       F
            +---------+---------+-------+---------+---------+-------
      Total |  152609 |   63738 |  29.5 |     587 |     280 |  32.3
            +---------+---------+-------+---------+---------+-------
        D:1 |      22 |       0 |   0.0 |      15 |       0 |   0.0
        D:2 |      77 |      22 |  22.2 |      21 |       6 |  22.2
        D:3 |      51 |     329 |  86.6 |       8 |       7 |  46.7
        D:4 |     405 |     142 |  26.0 |      16 |      10 |  38.5
        D:5 |     573 |     382 |  40.0 |      20 |       8 |  28.6
        D:6 |    1050 |       0 |   0.0 |      23 |       0 |   0.0
        D:7 |    1449 |      48 |   3.2 |      25 |       1 |   3.8
        D:8 |     651 |    4032 |  86.1 |      13 |      31 |  70.5
        D:9 |    1057 |       0 |   0.0 |      29 |       0 |   0.0
       D:10 |    3768 |    1566 |  29.4 |      26 |       2 |   7.1
       D:11 |    3940 |     202 |   4.9 |      11 |       1 |   8.3
       D:12 |    3717 |     626 |  14.4 |      14 |       4 |  22.2
       D:13 |    8790 |    5743 |  39.5 |      23 |      11 |  32.4
       D:14 |    8864 |    8022 |  47.5 |      21 |      23 |  52.3
       D:15 |    9392 |    3974 |  29.7 |      26 |       4 |  13.3
     Lair:1 |    8396 |     551 |   6.2 |      27 |      15 |  35.7
     Lair:2 |    8981 |     596 |   6.2 |      42 |       9 |  17.6
     Lair:3 |   12784 |    2325 |  15.4 |      34 |       9 |  20.9
     Lair:4 |    8329 |    2641 |  24.1 |      28 |       9 |  24.3
     Lair:5 |   13420 |    9470 |  41.4 |      35 |      52 |  59.8
    Swamp:1 |    9876 |     414 |   4.0 |      14 |       3 |  17.6
    Swamp:2 |    9695 |       0 |   0.0 |      17 |       0 |   0.0
    Swamp:3 |    9375 |       0 |   0.0 |      16 |       0 |   0.0
    Snake:1 |    9124 |       0 |   0.0 |      18 |       0 |   0.0
    Snake:2 |    9667 |    2765 |  22.2 |      21 |       5 |  19.2
    Snake:3 |    6766 |   11876 |  63.7 |      15 |       9 |  37.5
      Orc:1 |     852 |       0 |   0.0 |      10 |       0 |   0.0
      Orc:2 |    1538 |    7632 |  83.2 |      19 |      34 |  64.2
      Sewer |       0 |     380 | 100.0 |       0 |      27 | 100.0
            +---------+---------+-------+---------+---------+-------
